[Event "Late-Titled-Tuesday-Blitz-September-12-2023"]
[Site "Chess.com"]
[Date "2023.09.12"]
[Round "3"]
[White "PapaieDudu"]
[Black "DishonorOnYourCow"]
[Result "0-1"]
[WhiteElo "2289"]
[BlackElo "2499"]
[TimeControl "180+1"]
[EndTime "14:27:30 PDT"]
[Termination "DishonorOnYourCow won on time"]

1. e4 c5 2. Nf3 d6 3. d4 cxd4 4. Nxd4 Nf6 5. Nc3 Bd7 6. f3 Nc6 7. Be3 e5 8. Ndb5 Be6 9. Qd2 a6 10. Na3 b5 11. Nd5 Bxd5 12. exd5 Ne7 13. c4 Nf5 14.
Bf2 bxc4 15. g4 Nd4 16. Bxd4 exd4 17. Qxd4 Qa5+ 18. Kf2 Be7 19. g5 Nd7 20. Qxg7 O-O-O 21. Nxc4 Qc5+ 22. Ne3 Rhg8 23. Bxa6+ Kb8 24. Qc3 Bxg5 25. Rac1 Bxe3+ 26. Qxe3 Rg2+ 27. Kxg2 Qxe3 28. Rc3 Rg8+ 29. Kf1 Qd4 30. Be2 Qxd5 31. Kf2 Qd4+ 32. Kf1 Nc5 33. Rc4 Qxb2 34. Kf2 Nd3+ 35. Ke3 Re8+ 36. Re4 Rxe4+ 37. fxe4 Nc5 38. Rd1 Qc3+ 39. Kf4 Qe5+ 40.
Ke3 Qxe4+ 41. Kd2 Qf4+ 42. Ke1 Qxh2 43. Rb1+ Kc7 44. Rb2 Qg1+ 45. Kd2 Qd4+ 46. Kc2 Qe4+ 47. Kd2 Qd4+ 48. Kc2 Ne4 49. Kc1 Qg1+ 50. Kc2 Qc5+ 51.
Kd1 Nc3+ 0-1

[Event "Late-Titled-Tuesday-Blitz-September-12-2023"]
[Site "Chess.com"]
[Date "2023.09.12"]
[Round "3"]
[White "Ducke13"]
[Black "Dewarfd"]
[Result "1-0"]
[WhiteElo "2512"]
[BlackElo "2211"]
[TimeControl "180+1"]
[EndTime "14:27:32 PDT"]
[Termination "Ducke13 won by checkmate"]

1. d4 d5 2. g3 e6 3. Bg2 c5 4. c4 Nf6 5. cxd5 exd5 6. Nf3 Nc6 7. O-O cxd4 8. Nxd4 Bc5 9. Nxc6 bxc6 10. Qc2 Qb6 11. Nc3 Ng4 12. e3 Be7 13. Na4 Qb7 14. b3 Bf6 15.
Ba3 Bxa1 16. Rxa1 f6 17. Rc1 Bd7 18. Qc5 Kf7 19. Qe7+ Kg6 20. Nc5 Rhe8 21. Nxb7 Rxe7 22. Bxe7 a5 23. Nc5 Bf5 24. Na4 Ne5 25. Bd6 Nf7 26.
Bc7 Bd7 27. Nb6 Ra7 28. Bb8 Rb7 29. Nxd7 Rxd7 30. Rxc6 d4 31. Be4+ Kh6 32. exd4 Rxd4 33. Rc4 Rd1+ 34. Kg2 Ng5 35. Bf4 g6 36. h4 Ra1 37.
Rc5 Rxa2 38. hxg5+ fxg5 39. Bxg5+ Kg7 40. Rc7+ Kf8 41.
Bh6+ Ke8 42. Rxh7 a4 43. Bxg6+ Kd8 44. Bg5+ Kc8 45. Bf5+ Kb8 46. Bf4+ Ka8 47. Be4# 1-0

[Event "Late-Titled-Tuesday-Blitz-September-12-2023"]
[Site "Chess.com"]
[Date "2023.09.12"]
[Round "3"]
[White "Chaos_Magic"]
[Black "Vadim_Biliy"]
[Result "1-0"]
[WhiteElo "2399"]
[BlackElo "2217"]
[TimeControl "180+1"]
[EndTime "14:27:32 PDT"]
[Termination "Chaos_Magic won on time"]

1. d4 c5 2. d5 f5 3. e4 fxe4 4.
Nc3 Nf6 5. Bg5 Qa5 6. Qd2 a6 7. f3 e3 8. Bxe3 g6 9. Nge2 Bg7 10. Nc1 d6 11. Nb3 Qc7 12. a4 O-O 13. Be2 Nbd7 14. Bh6 Ne5 15. Bxg7 Kxg7 16. f4 Nf7 17. a5 e5 18. dxe6 Bxe6 19. O-O d5 20. Na4 Ne4 21. Qe3 Rac8 22. Bf3 Nfd6 23. Rfd1 d4 24. Nxd4 cxd4 25. Qxd4+ Rf6 26. Bxe4 Nxe4 27. Qxe4 Qxc2 28. Qxc2 Rxc2 29. g3 Bb3 30. Rd7+ Rf7 31. Rxf7+ Kxf7 32. Nb6 Rxb2 33. Rd1 Be6 34. Rc1 Rb5 35. Rc7+ Kf6 36. Rxb7 Rxa5 37. Rxh7 Rb5 38. Nd7+ Bxd7 39. Rxd7 a5 40.
Ra7 Rb1+ 41. Kg2 Ra1 42. h3 a4 43. g4 a3 44. Ra6+ Kg7 45. Kg3 a2 46. Kh4 Kh7 47. Kg5 1-0

[Event "Late-Titled-Tuesday-Blitz-September-12-2023"]
[Site "Chess.com"]
[Date "2023.09.12"]
[Round "3"]
[White "NotFischer"]
[Black "dennisodessa"]
[Result "0-1"]
[WhiteElo "2292"]
[BlackElo "2530"]
[TimeControl "180+1"]
[EndTime "14:27:34 PDT"]
[Termination "dennisodessa won by checkmate"]

1. e4 e6 2. d4 d5 3. e5 c5 4.
c3 Qa5 5. Nd2 cxd4 6. cxd4 Nc6 7. Nf3 Qb6 8. Nb3 a5 9. a4 Bb4+ 10. Bd2 Bxd2+ 11. Kxd2 Nh6 12. Bb5 O-O 13. Rc1 Nf5 14.
Ke2 Bd7 15. g4 Nfe7 16. Nc5 Rad8 17. Nxd7 Rxd7 18. Qd3 f6 19. exf6 Rxf6 20. Qe3 Rd8 21. g5 Nf5 22. Rxc6 bxc6 23. Qc3 Rf7 24. Qxc6 Nxd4+ 25.
Nxd4 Qxd4 26. Rf1 Qe4+ 27. Kd1 Rdf8 28. Be2 Rxf2 29. Rxf2 Rxf2 30. Qc8+ Rf8 31. Qd7 Rb8 32. b4 axb4 33. Bb5 b3 34. Qc7 Rf8 35. Qc3 Qf3+ 36. Qxf3 Rxf3 37. Kc1 Rf2 38. a5 Ra2 39. a6 Kf7 40. Kb1 e5 41. h4 e4 42. Bc6 Rxa6 43.
Bxd5+ Ke7 44. Bxe4 h6 45. gxh6 Rxh6 46. Kb2 Rxh4 47.
Bd3 Rh3 48. Bc4 Kf6 49. Bxb3 Rxb3+ 50. Kxb3 Ke5 51. Kc3 Kf4 52. Kd2 Kf3 53. Ke1 g5 54. Kf1 g4 55. Kg1 Kg3 56. Kh1 Kf2 57. Kh2 g3+ 58. Kh3 g2 59. Kh4 g1=Q 60. Kh3 Qg3# 0-1

[Event "Late-Titled-Tuesday-Blitz-September-12-2023"]
[Site "Chess.com"]
[Date "2023.09.12"]
[Round "3"]
[White "drdaro"]
[Black "The_Straightforward_Rook"]
[Result "0-1"]
[WhiteElo "2264"]
[BlackElo "2524"]
[TimeControl "180+1"]
[EndTime "14:27:34 PDT"]
[Termination "The_Straightforward_Rook won by resignation"]

1. e4 e5 2. Nf3 Nc6 3. Bb5 Nf6 4.
d3 Bc5 5. O-O Nd4 6. Nxd4 Bxd4 7. c3 Bb6 8. Nd2 O-O 9. Nf3 d5 10. Qe2 Bg4 11. Bg5 c6 12. Ba4 h6 13. Bh4 Qd6 14. h3 Bh5 15. exd5 Qxd5 16. Bxf6 gxf6 17. Bb3 Bxf3 18. Qxf3 Qxf3 19. gxf3 Rad8 20. Rad1 Kg7 21. Kg2 f5 22. f4 e4 23. dxe4 fxe4 24. f5 Kf6 25.
Rxd8 Rxd8 26. Rd1 Kxf5 27. Rxd8 Bxd8 28. Bxf7 Bf6 29. Kf1 Kf4 30. Ke2 c5 31. Bd5 b6 32.
Bc4 Bg5 33. a4 Be7 34. Be6 Bd6 35. Bc4 Be5 36. Be6 Bf6 37. Bc4 Bg5 38. Be6 Ke5 39. Bc4 Kd6 40. Bb5 Kd5 41. b3 Bf6 42.
Bc4+ Ke5 43. Bg8 Kf4 44. c4 Bd4 45. Bd5 e3 46. fxe3+ Bxe3 47. Kd3 Bd4 48. Bc6 Kg3 49. Bd5 Kxh3 50. Ke2 Kg3 51. Be4 h5 52. Bd5 h4 53.
Kf1 h3 54. Be4 h2 55. Bd5 Kf4 56. Kg2 Bg1 57. Bc6 Ke3 58. Bb5 Kd2 59. Kh1 Kc3 60.
Kg2 Kxb3 61. Kh1 Kb4 62. Kg2 Ka5 63. Kh1 a6 64. Bc6 Kb4 65. Bb7 a5 0-1

[Event "Late-Titled-Tuesday-Blitz-September-12-2023"]
[Site "Chess.com"]
[Date "2023.09.12"]
[Round "3"]
[White "GMKrikor"]
[Black "karinachess1"]
[Result "1-0"]
[WhiteElo "2884"]
[BlackElo "2615"]
[TimeControl "180+1"]
[EndTime "14:27:37 PDT"]
[Termination "GMKrikor won on time"]

1. Nf3 Nf6 2. c4 e6 3. Nc3 d5 4. cxd5 exd5 5. d4 Bb4 6. Bf4 O-O 7.
e3 c6 8. Bd3 Bd6 9. Bxd6 Qxd6 10. Qb3 Nbd7 11. O-O Re8 12. h3 Qe7 13. Rac1 Ne4 14.
Qc2 Ndf6 15. Ne5 Nd6 16. Rce1 g6 17. f3 Nh5 18. Qf2 Ng7 19. e4 Be6 20. Ng4 h5 21. Ne3 dxe4 22. fxe4 Qd8 23. d5 Bd7 24. Nc4 Nxc4 25.
Qxf7+ Kh7 26. Bxc4 Rf8 27. Qxf8 Qxf8 28. Rxf8 Rxf8 29.
d6 Ne6 30. e5 Rf4 31. Rf1 Rxf1+ 32. Kxf1 Kg7 33. Ne4 b6 34. Nf6 Nc5 35. b4 Be6 36. bxc5 Bxc4+ 37. Kf2 Kf7 38. cxb6 axb6 39. a3 Ke6 40. Ke3 c5 41. Kf4 Bf1 42. Kf3 b5 43. h4 b4 44. axb4 cxb4 45. Ne4 Bc4 46. Nc5+ Kf7 47.
Ke3 Bd5 48. g3 b3 49. Na4 Ke6 50. Kd4 Bc6 51. Nb2 Bf3 52. Kc3 Bd5 53. Nd3 1-0

[Event "Late-Titled-Tuesday-Blitz-September-12-2023"]
[Site "Chess.com"]
[Date "2023.09.12"]
[Round "3"]
[White "KafkaesqueKnight"]
[Black "Alphafischer2019"]
[Result "0-1"]
[WhiteElo "2394"]
[BlackElo "2567"]
[TimeControl "180+1"]
[EndTime "14:27:41 PDT"]
[Termination "Alphafischer2019 won by checkmate"]

1. d4 Nf6 2. c4 c5 3. d5 e5 4.
Nf3 d6 5. Nc3 g6 6. h3 Nbd7 7.
g4 a6 8. Bg2 Bg7 9. Bg5 h6 10.
Be3 Qb6 11. Rb1 Qb4 12. Qb3 Qxb3 13. axb3 Rb8 14. Nd2 b5 15. Nce4 Nxe4 16. Nxe4 Ke7 17. cxb5 axb5 18. Ra1 f5 19. gxf5 gxf5 20. Ng3 f4 21.
Nf5+ Kf6 22. Nxg7 Kxg7 23. Bd2 Nf6 24. Rg1 Kf7 25. e3 fxe3 26. Bxe3 Bf5 27. Ra7+ Nd7 28.
Be4 Ra8 29. Rxa8 Rxa8 30. Bxf5 Ra1+ 31. Kd2 Rxg1 32. Bxd7 b4 33. Bxh6 Ke7 34. Be6 Rb1 35. Kc2 Rf1 36. Be3 Kf6 37. h4 Rh1 38. Bg5+ Kg6 39.
Kd3 Rf1 40. Be3 Rh1 41. Kc4 Rxh4+ 42. Kb5 Kf6 43. Kc6 c4 44. bxc4 Rxc4+ 45. Kxd6 b3 46. Bb6 Rc2 47. Bd8+ Kg7 48. Kxe5 Rxb2 49. Bf6+ Kf8 50.
d6 Re2+ 51. Kd5 Rd2+ 52. Kc5 b2 53. Bf5 Kf7 54. Bc3 Rxf2 55. d7 Rxf5+ 56. Kc6 b1=Q 57. d8=Q Qb5+ 58. Kc7 Rc5+ 59. Kd6 Qc6# 0-1

[Event "Late-Titled-Tuesday-Blitz-September-12-2023"]
[Site "Chess.com"]
[Date "2023.09.12"]
[Round "3"]
[White "jk13"]
[Black "kuli4ik"]
[Result "0-1"]
[WhiteElo "2675"]
[BlackElo "2949"]
[TimeControl "180+1"]
[EndTime "14:27:42 PDT"]
[Termination "kuli4ik won by resignation"]

1. e4 Nf6 2. e5 Nd5 3. d4 d6 4.
Nf3 Nb6 5. h3 g6 6. exd6 cxd6 7.
Bd3 Bg7 8. O-O O-O 9. Re1 Nc6 10. c3 e5 11. Bg5 Qc7 12. Na3 a6 13. Qc1 Be6 14.
Bh6 f6 15. Bxg7 Kxg7 16. Nc2 Rae8 17. Qd2 f5 18. dxe5 dxe5 19. Bf1 Bd5 20. Rad1 Bxf3 21. gxf3 Rd8 22. Qg5 Rxd1 23. Rxd1 Rd8 24. Rxd8 Qxd8 25. Qe3 Nd5 26. Qc5 Nf4 27. Ne3 Ne6 28.
Qc4 Qd6 29. b4 h5 30. a4 Ne7 31. a5 Kf6 32. Qh4+ Kf7 33. Bc4 Kg7 34. Bxe6 Qxe6 35.
Kg2 f4 36. Nf1 Qd7 37. Qg5 Nf5 38. Kg1 Kf7 39. Kg2 Qd3 40. Nh2 Qd2 41. Nf1 Qd3 42. Nh2 Qd2 43. Nf1 Qxc3 44. Qd8 Qxb4 45. Qd5+ Kf6 46.
Qd8+ Qe7 47. Qh8+ Ke6 48. Qc8+ Kf7 49. Nd2 Nh4+ 50. Kf1 Qb4 51. Ke2 Qb5+ 52. Ke1 Ng2+ 53. Kd1 Qa4+ 54. Ke2 Qb5+ 55. Kd1 Kg7 56. Qd7+ Qxd7 0-1

[Event "Late-Titled-Tuesday-Blitz-September-12-2023"]
[Site "Chess.com"]
[Date "2023.09.12"]
[Round "3"]
[White "Mops_2004"]
[Black "artooon"]
[Result "0-1"]
[WhiteElo "2720"]
[BlackElo "3046"]
[TimeControl "180+1"]
[EndTime "14:27:43 PDT"]
[Termination "artooon won on time"]

1. g3 d5 2. Nf3 Nf6 3. Bg2 Bg4 4.
O-O Nbd7 5. h3 Bh5 6. d3 e6 7.
Qe1 h6 8. e4 dxe4 9. dxe4 Be7 10. e5 Nd5 11. c4 Nb4 12. Qe2 Bg6 13. Ne1 Nc5 14. Nc3 O-O 15. Be3 Qc8 16. a3 Nbd3 17.
Bxc5 Nxc5 18. b4 Nb3 19. Rd1 c5 20. Nc2 cxb4 21. Nxb4 a5 22. Nba2 Bxa3 23. Nb5 Be7 24. Nd6 Qc7 25. Nb5 Qc5 26. Rd7 a4 27. Rc7 Nd4 28.
Qb2 Nc6 29. Rxb7 Rfc8 30. Rd1 Na5 31. Rxe7 Qxe7 32. Bxa8 Rxa8 33. Qc3 Qb7 34. Nb4 Qe4 35. Nd6 Qe2 36. Re1 Qh5 37. g4 Qh4 38. c5 h5 39.
c6 Nxc6 40. Qxc6 Rf8 41. Qf3 Rb8 42. Nc6 Rb3 43. Qg2 Rxh3 44. Ne7+ Kh7 45. Nxg6 fxg6 46.
Ne4 hxg4 47. Ng3 Qg5 48. Re3 a3 49. Ne4 Qh4 50. Rxh3 gxh3 51. Qf3 a2 0-1

[Event "Late-Titled-Tuesday-Blitz-September-12-2023"]
[Site "Chess.com"]
[Date "2023.09.12"]
[Round "3"]
[White "stasOR4ik"]
[Black "Dom1nant1337"]
[Result "1-0"]
[WhiteElo "2448"]
[BlackElo "2591"]
[TimeControl "180+1"]
[EndTime "14:27:43 PDT"]
[Termination "stasOR4ik won on time"]

1. e4 Nc6 2. d4 d6 3. c4 e5 4. d5 Nd4 5. Be3 c5 6. dxc6 Nxc6 7.
Nc3 Nf6 8. Nf3 Be7 9. Be2 Ng4 10. Bc1 O-O 11. h3 Nf6 12. O-O Be6 13. Nd5 Nxe4 14.
Qb3 Nc5 15. Qc2 Rc8 16. Rd1 Bxd5 17. Rxd5 Nb4 18. Qd1 Nxd5 19. Qxd5 a5 20. a3 a4 21.
Be3 Qb6 22. Rb1 Qc6 23. Qd1 f5 24. Bxc5 Qxc5 25. Qxa4 e4 26. b4 Qb6 27. Nd2 Bh4 28. g3 Bf6 29. Qb3 Bd4 30. c5+ Kh8 31. cxb6 Bxb6 32.
Nc4 Bc7 33. Rd1 Rcd8 34. Qe3 b5 35. Na5 d5 36. Nc6 Rd6 37. Bxb5 f4 38. gxf4 Rg6+ 39. Kf1 Bxf4 40. Qe2 e3 41. Rxd5 h6 42. f3 Kh7 43.
Bd3 Rf6 44. Bxg6+ Rxg6 45. Qd3 h5 46. Ne7 1-0

[Event "Late-Titled-Tuesday-Blitz-September-12-2023"]
[Site "Chess.com"]
[Date "2023.09.12"]
[Round "3"]
[White "MajorCoast"]
[Black "gmpeter008"]
[Result "0-1"]
[WhiteElo "2279"]
[BlackElo "2458"]
[TimeControl "180+1"]
[EndTime "14:27:43 PDT"]
[Termination "gmpeter008 won by checkmate"]

1. d4 d5 2. Nf3 Nf6 3. c4 e6 4. g3 Be7 5. Bg2 O-O 6. O-O dxc4 7. Qc2 a6 8. a4 Bd7 9. Nc3 Nc6 10. e4 Nb4 11. Qb1 b5 12. Rd1 Nd3 13. d5 exd5 14.
e5 c6 15. exf6 Bxf6 16. Ne1 Nxc1 17. Qxc1 Qb6 18. a5 Qa7 19. Qf4 Rae8 20. Nf3 b4 21. Na4 Re2 22. Nb6 Rxb2 23. Ne5 Be8 24. Ng4 Bc3 25. Qg5 f5 26. Nh6+ Kh8 27. Nxf5 Qf7 28. g4 g6 29. Re1 gxf5 30. Re7 Qg6 31. Qf4 Qxg4 32. Qc7 Qh4 33. Kh1 Bg6 34. Rg1 Qxf2 35.
Qg3 Qxg3 36. hxg3 b3 37. Nd7 Rf7 38. Re8+ Kg7 39. Rd8 Bxa5 40. Bf3 Bxd8 41. g4 fxg4 42. Ne5 Rxf3 43. Nxf3 gxf3 44. Rg3 Rb1+ 45. Kh2 Bc7 46. Kh3 Bxg3 47. Kxg3 c3 48. Kf4 c2 49. Ke5 c1=Q 50.
Kd6 d4 51. Kc7 d3 52. Kc8 d2 53. Kd8 d1=Q+ 54. Kc7 f2 55. Kc8 f1=Q 56. Kc7 c5 57.
Kc8 c4 58. Kc7 c3 59. Kc8 c2 60. Kc7 b2 61. Kc8 Ra1 62. Kc7 b1=Q 63. Kc6 Qf6+ 64. Kc5 Qdd4# 0-1

[Event "Late-Titled-Tuesday-Blitz-September-12-2023"]
[Site "Chess.com"]
[Date "2023.09.12"]
[Round "3"]
[White "DefiantChair"]
[Black "Schattman"]
[Result "0-1"]
[WhiteElo "2662"]
[BlackElo "2478"]
[TimeControl "180+1"]
[EndTime "14:27:44 PDT"]
[Termination "Schattman won by resignation"]

1. e4 c6 2. d4 d5 3. e5 Bf5 4. Nf3 e6 5. Be2 Nd7 6. O-O Ne7 7. Nbd2 Bg6 8. Nb3 Nf5 9. a4 a5 10. Bd2 Be7 11. g4 Nh4 12. Nxh4 Bxh4 13. f4 Be4 14. g5 h6 15. Qc1 c5 16. dxc5 hxg5 17. fxg5 Nxe5 18. Bb5+ Kf8 19. Nd4 Kg8 20. Ra3 Rh5 21. Be2 Rxg5+ 22. Bxg5 Bxg5 23. Qe1 Bh4 24. Qd2 Bg5 25. Qc3 Bh4 26. Qe3 Bg5 27. Qg3 Ng6 28.
Bh5 Bh4 29. Qg4 Bf6 30. Bxg6 Bxd4+ 31. Rf2 Bxf2+ 32. Kxf2 Bxg6 33. Ke1 Qf6 34. Rh3 Bf5 35. Qh4 Bxh3 36. Qxh3 Qe5+ 37. Kd2 Qd4+ 38. Kc1 Qxc5 39. Kb1 Rc8 40. c3 Qc4 41. Qg3 Qe4+ 42. Kc1 Qxa4 43. Qd6 Qc4 44. Kb1 Qc7 45. Qa3 Qc5 46. Qa4 d4 47.
cxd4 Qc4 48. Qd7 Qc6 49. Qe7 b5 50. h4 b4 51. h5 b3 52. Qg5 Qc2+ 0-1

[Event "Late-Titled-Tuesday-Blitz-September-12-2023"]
[Site "Chess.com"]
[Date "2023.09.12"]
[Round "3"]
[White "Sinquefield"]
[Black "TatjanaVasilevich"]
[Result "1-0"]
[WhiteElo "2443"]
[BlackElo "2571"]
[TimeControl "180+1"]
[EndTime "14:27:46 PDT"]
[Termination "Sinquefield won by checkmate"]

1. d4 Nf6 2. Bg5 Ne4 3. Bh4 g5 4. f3 gxh4 5. fxe4 d5 6. e5 c5 7. e3 Nc6 8. c3 Qb6 9. b3 Bh6 10.
Qd3 cxd4 11. exd4 Be6 12. Nf3 Rc8 13. Be2 h3 14. g3 Bg4 15. Nbd2 e6 16. O-O Bxd2 17. Qxd2 Bxf3 18. Bxf3 Nxe5 19. Bxd5 exd5 20. Rae1 f6 21. Kh1 O-O 22. dxe5 d4 23. cxd4 Qc6+ 24. Kg1 fxe5 25. Qg5+ Qg6 26. Qxg6+ hxg6 27. Rxf8+ Kxf8 28. dxe5 Rc2 29. a4 Rb2 30. Re3 Rb1+ 31. Kf2 Rh1 32. Kf3 Rxh2 33. Re1 Rb2 34. Kf4 Rxb3 35. Rh1 Rb4+ 36.
Kg5 Kg7 37. Rxh3 Re4 38. g4 Rxe5+ 39. Kh4 Ra5 40. Rb3 b6 41. Rb4 Kf6 42. Rc4 Ke5 43.
Kg5 Kd5 44. Rf4 Ke5 45. Rb4 Kd6+ 46. Kxg6 Re5 47. g5 Re1 48. Kg7 Kc5 49. Rg4 a6 50.
g6 b5 51. axb5 axb5 52. Kh8 Rh1+ 53. Kg8 b4 54. g7 b3 55. Kf7 Rf1+ 56. Ke8 Re1+ 57.
Kd8 Rd1+ 58. Kc7 b2 59. g8=Q b1=Q 60. Qc4# 1-0

[Event "Late-Titled-Tuesday-Blitz-September-12-2023"]
[Site "Chess.com"]
[Date "2023.09.12"]
[Round "3"]
[White "GiorgianBarbosa"]
[Black "HrvojeZagreb"]
[Result "1-0"]
[WhiteElo "2428"]
[BlackElo "2270"]
[TimeControl "180+1"]
[EndTime "14:27:46 PDT"]
[Termination "GiorgianBarbosa won on time"]

1. e4 c5 2. Nf3 a6 3. c4 Nc6 4. Nc3 e6 5. d3 g6 6. Be2 Bg7 7.
O-O d6 8. Be3 Nd4 9. Rb1 Ne7 10.
a3 Nec6 11. Qd2 h5 12. b4 b6 13. Bg5 f6 14. Be3 O-O 15. b5 axb5 16. cxb5 Nxe2+ 17. Nxe2 Ne7 18. d4 Rxa3 19. Rfd1 Qc7 20. e5 fxe5 21. dxe5 d5 22. Bh6 Raxf3 23. Bxg7 Kxg7 24. gxf3 Qxe5 25. f4 Qf6 26. Ra1 Nf5 27. Ra7+ Kh6 28. Ng3 Nh4 29. f5+ g5 30. Qe2 g4 31. Qe3+ Qg5 32. fxe6 Qxe3 33.
fxe3 Bxe6 34. Rb7 Nf3+ 35. Kg2 d4 36. Rxb6 Rf6 37. exd4 Nxd4 38. Ne4 Rg6 39. Kg3 Ne2+ 40. Kf2 Nf4 41. Rdd6 h4 42. Rbc6 g3+ 43. hxg3 hxg3+ 44. Nxg3 Nh3+ 45. Ke3 Rxg3+ 46. Ke4 Ng5+ 47. Kf4 Rf3+ 48. Ke5 Re3+ 49. Kf6 c4 50. b6 Ne4+ 51. Ke7 Nxd6 52.
Rxd6 c3 53. b7 1-0

[Event "Late-Titled-Tuesday-Blitz-September-12-2023"]
[Site "Chess.com"]
[Date "2023.09.12"]
[Round "3"]
[White "MikaelyanArman"]
[Black "DryCounty"]
[Result "1/2-1/2"]
[WhiteElo "2922"]
[BlackElo "2647"]
[TimeControl "180+1"]
[EndTime "14:27:47 PDT"]
[Termination "Game drawn - insufficient material"]

1. d4 Nf6 2. Nf3 g6 3. g3 Bg7 4. Bg2 O-O 5. O-O d6 6. a4 a5 7. Nc3 Nc6 8. d5 Nb4 9. Nd4 Bd7 10. e4 c6 11. Re1 Rc8 12. h3 Re8 13. Be3 cxd5 14.
exd5 Rxc3 15. bxc3 Nbxd5 16. Bd2 Qc8 17. g4 Nxc3 18.
Qf3 Nfd5 19. Nb3 b6 20. Qd3 Nb4 21. Qf1 Nxc2 22. Rac1 Nxe1 23. Qxe1 Bxa4 24. Bxc3 Bxc3 25. Rxc3 Qe6 26. Qxe6 fxe6 27. Nd4 e5 28. Bd5+ Kh8 29. Ne6 Bd7 30. Rc7 Bxe6 31. Bxe6 Kg7 32. g5 h6 33. h4 hxg5 34. hxg5 b5 35. Ra7 a4 36. Kg2 Kf8 37.
Ra5 Rb8 38. Bd7 b4 39. Bxa4 b3 40. Rb5 Rxb5 41. Bxb5 b2 42. Bd3 Kf7 43. Kf3 d5 44. Bb1 e4+ 45. Ke3 Ke6 46. Kd4 Kd6 47. Kc3 Ke5 48.
Kxb2 Kf4 49. Kc3 e5 50. Kd2 Kxg5 51. Ke3 Kf5 52. f3 d4+ 53. Kf2 d3 54. Ke3 exf3 55. Bxd3+ Kg4 56. Bxg6 Kg3 57. Bd3 f2 58. Ke4 Kg2 59.
Kxe5 f1=Q 60. Bxf1+ 1/2-1/2

[Event "Late-Titled-Tuesday-Blitz-September-12-2023"]
[Site "Chess.com"]
[Date "2023.09.12"]
[Round "3"]
[White "Piotrek1979"]
[Black "temus_galaktionov"]
[Result "0-1"]
[WhiteElo "2469"]
[BlackElo "2828"]
[TimeControl "180+1"]
[EndTime "14:27:50 PDT"]
[Termination "temus_galaktionov won by resignation"]

1. Nf3 c6 2. g3 g6 3. Bg2 Bg7 4. O-O Nf6 5. d3 O-O 6. e4 d6 7. a4 e5 8. Nc3 Re8 9. h3 d5 10. a5 d4 11. Nb1 c5 12. Nbd2 Nc6 13. Nc4 Qc7 14. Bd2 Be6 15. Ne1 b5 16. axb6 axb6 17. f4 Rxa1 18. Qxa1 Bxc4 19. dxc4 exf4 20. Bxf4 Qd7 21. Qa4 Nxe4 22. Nd3 f5 23. Qb5 Ne5 24. Bxe5 Qxb5 25. cxb5 Bxe5 26. g4 c4 27. gxf5 Ng3 28. Nxe5 Rxe5 29. Ra1 Nxf5 30. Bc6 Ne3 31. Rc1 Kg7 32. Kf2 Kf6 33. Kf3 Kg5 34. b3 cxb3 35. cxb3 d3 36. Rg1+ Kh4 37. Be4 Nc2 38. Kf4 Rxb5 39.
Rg4+ Kxh3 40. Bg2+ Kh2 41. Be4 Rb4 42. Rh4+ Kg1 43.
Rh1+ Kf2 44. Rh2+ Ke1 45. Kf3 Rxb3 46. Rh1+ Kd2 47. Rxh7 g5 48. Rh2+ Kc1 49. Rh1+ Kb2 50. Rh2 d2+ 51. Ke2 Re3+ 52. Kxd2 Rxe4 53. Rg2 Rd4+ 54.
Ke2 Rd5 55. Rg4 b5 56. Re4 b4 57. Re8 b3 58. Rb8 Ka2 0-1

[Event "Late-Titled-Tuesday-Blitz-September-12-2023"]
[Site "Chess.com"]
[Date "2023.09.12"]
[Round "3"]
[White "slorovel"]
[Black "Aleksandar-Topalov"]
[Result "0-1"]
[WhiteElo "2529"]
[BlackElo "2366"]
[TimeControl "180+1"]
[EndTime "14:27:50 PDT"]
[Termination "Aleksandar-Topalov won by resignation"]

1. e4 e6 2. d4 d5 3. exd5 exd5 4. Bd3 Bd6 5. Ne2 Ne7 6. O-O Bf5 7. Bf4 Bxd3 8. Qxd3 c6 9. Nbc3 O-O 10. f3 Qc7 11. Bxd6 Qxd6 12. Ng3 Nd7 13. Rae1 Rfe8 14. a3 Ng6 15.
Nf5 Qf6 16. Ne2 Ndf8 17. Neg3 Nh4 18. Nxh4 Qxh4 19. c3 Ng6 20. a4 Qf6 21. a5 a6 22.
Re3 Kf8 23. Rfe1 Re6 24. Rxe6 fxe6 25. Qc2 Re8 26. Qb3 Qf7 27. c4 Nf4 28. Re5 Ng6 29. Re1 Kg8 30. Qe3 dxc4 31. Qc3 e5 32. dxe5 Qd5 33. h3 Rxe5 34. Ne4 Nf4 35. Kh2 Nd3 36.
Rd1 Re8 37. b3 Qe5+ 38. Qxe5 Nxe5 39. Nc5 cxb3 40. Rb1 Nc4 41. Nxb7 Rb8 42. Rxb3 Nd6 43. Nc5 Rxb3 44. Nxb3 Kf7 45. Nc5 Nc4 46. Nxa6 Nxa5 47. Kg3 Nb3 48. Kf4 Ke6 49. Ke4 Kd6 50. f4 c5 51. g4 c4 52. f5 Nc5+ 53. Nxc5 Kxc5 54. Ke3 Kd5 55. h4 Ke5 56. h5 h6 57. Kd2 Kf4 58. Kc3 Kxg4 59. Kxc4 Kxf5 0-1

[Event "Late-Titled-Tuesday-Blitz-September-12-2023"]
[Site "Chess.com"]
[Date "2023.09.12"]
[Round "3"]
[White "KamilGrycel"]
[Black "ferdipy"]
[Result "1-0"]
[WhiteElo "2529"]
[BlackElo "2268"]
[TimeControl "180+1"]
[EndTime "14:27:50 PDT"]
[Termination "KamilGrycel won by resignation"]

1. d4 e5 2. c3 exd4 3. cxd4 d5 4.
Nc3 c6 5. Nf3 Bd6 6. Bg5 Ne7 7. e3 f6 8. Bh4 O-O 9. Bd3 Bf5 10. Bg3 Bxd3 11. Qxd3 Na6 12. a3 Nc7 13. O-O Qd7 14. b4 a5 15. b5 Bxg3 16. hxg3 Nxb5 17.
Nxb5 cxb5 18. Rab1 Rfc8 19. Rxb5 Rc3 20. Rxb7 Qxb7 21.
Qxc3 a4 22. Qc5 Rc8 23. Qd6 Rc6 24. Qb4 Qxb4 25. axb4 Rb6 26. Rb1 Nc6 27. b5 Na5 28. Ra1 Rxb5 29. Rxa4 Kf7 30. Ra2 g5 31. g4 Nc4 32.
Kh2 Kg6 33. Kg3 Rb2 34. Rxb2 Nxb2 35. Nd2 f5 36. gxf5+ Kxf5 37. Kf3 h5 38. Nb3 g4+ 39. Kg3 Nd3 40. Nc5 h4+ 41. Kxh4 Nxf2 42. Kg3 Nd1 43. Nd7 Nxe3 44. Ne5 Nf1+ 45. Kf2 Nd2 46. Ke3 Nc4+ 47. Nxc4 dxc4 48. Kd2 Ke4 49. Kc3 g3 50. Kxc4 Ke3 51. d5 Kf2 52. d6 Kxg2 53. d7 Kh1 54. d8=Q g2 55. Qh4+ Kg1 56. Kd3 Kf1 57. Qf4+ Ke1 58. Qe3+ Kf1 59. Qf3+ Kg1 60. Ke3 Kh1 61. Qh5+ Kg1 62.
Qh3 Kf1 63. Kf3 Ke1 64. Qxg2 1-0

[Event "Late-Titled-Tuesday-Blitz-September-12-2023"]
[Site "Chess.com"]
[Date "2023.09.12"]
[Round "3"]
[White "CarlosjPineror"]
[Black "thedjoker98"]
[Result "0-1"]
[WhiteElo "2435"]
[BlackElo "2615"]
[TimeControl "180+1"]
[EndTime "14:27:52 PDT"]
[Termination "thedjoker98 won by resignation"]

1. d4 d5 2. c4 c6 3. cxd5 cxd5 4. Nc3 e5 5. e3 exd4 6. exd4 Nc6 7. Nf3 Bg4 8. Be3 Bd6 9. h3 Bh5 10. Nxd5 Nge7 11.
Nxe7 Qxe7 12. Be2 Bb4+ 13. Kf1 Rd8 14. Qb3 O-O 15. Rd1 Bxf3 16. Bxf3 Nxd4 17. Bxd4 Rxd4 18. g3 Rxd1+ 19. Qxd1 Rd8 20. Qb3 Rd2 21. Kg2 Bc5 22.
Rf1 Bb6 23. Qc3 Qd7 24. Bg4 Qd5+ 25. Bf3 Qd7 26. a4 a5 27. h4 g6 28. b4 Rd3 29.
Qe1 Qxa4 30. bxa5 Bxa5 31. Qb1 Rb3 32. Qc2 Qb4 33. Bd5 Rb2 34. Qc8+ Kg7 35. Qd7 Qf8 36. Rc1 Bb6 37. Rc8 Rxf2+ 38. Kh3 Qb4 39. Qe8 Rf5 40. Qh8+ Kh6 41. Bg2 Bf2 42. Qc3 Qxc3 43. Rxc3 b5 44. Rb3 Be1 45. Be4 Re5 46. Bd3 b4 47.
Bc4 Bc3 48. Bxf7 Re3 49. Kg4 Kg7 50. Bc4 h5+ 51. Kf4 Re1 52. Rb1 Rxb1 0-1

[Event "Late-Titled-Tuesday-Blitz-September-12-2023"]
[Site "Chess.com"]
[Date "2023.09.12"]
[Round "3"]
[White "DvaHrasta"]
[Black "Skagoogle"]
[Result "0-1"]
[WhiteElo "2480"]
[BlackElo "2782"]
[TimeControl "180+1"]
[EndTime "14:27:53 PDT"]
[Termination "Skagoogle won on time"]

1. c4 e5 2. g3 g6 3. d4 d6 4. Nc3 Bg7 5. Nf3 Nd7 6. Bg2 Ne7 7.
O-O O-O 8. e4 c6 9. Bg5 h6 10.
Bxe7 Qxe7 11. d5 a5 12. Na4 f5 13. Nh4 Kh7 14. Bh3 fxe4 15. Qg4 Qf6 16. Qxe4 cxd5 17. cxd5 b5 18. Nc3 Nc5 19. Qg2 Bxh3 20. Qxh3 b4 21.
Ne2 g5 22. Ng2 e4 23. Rab1 Rae8 24. Ne3 Nd3 25. Ng4 Qf3 26. Nc1 Nxb2 27. Rxb2 e3 28. Re2 exf2+ 29. Rexf2 Qxd5 30. Rxf8 Rxf8 31. Rxf8 Qc5+ 32.
Kg2 Bxf8 33. Ne2 Qd5+ 34. Kf1 Bg7 35. Ne3 Qxa2 36. Qf5+ Kh8 37. Qc8+ Qg8 38. Qa6 Qf7+ 39. Kg2 b3 40. Qxa5 b2 41. Qa8+ Kh7 42. Qe4+ Qg6 43. Qb4 b1=Q 44. Qxb1 Qxb1 45. Kf3 Qg6 46. g4 d5 47. Nf5 Bf8 48. h4 gxh4 49. Nxh4 Qf6+ 50. Nf5 h5 51. Nf4 hxg4+ 52. Kxg4 Be7 53. Nh3 d4 54. Ng3 d3 55. Nf4 d2 0-1